 Dungeon Crawl Stone Soup version 0.17.2-1-ge4368a0 (webtiles) character file.

55 tidbits the Insei (level 3, -3/27 HPs)
             Began as a Demigod Transmuter on Sept 21, 2017.
             Shot with a poisoned arrow by a centaur (4 damage)
             ... on level 4 of the Dungeon.
             The game lasted 00:06:49 (726 turns).

tidbits the Insei (Demigod Transmuter)               Turns: 726, Time: 00:06:50

Health: -3/27      AC:  1    Str: 15      XL:     3   Next: 45%
Magic:  6/8        EV: 12    Int: 18 (19) God:
Gold:   67         SH:  0    Dex: 14      Spells: 3 memorised, 0 levels left

rFire  + . .     SeeInvis .       - Unarmed
rCold  + . .     Clarity  .     b - +0 robe
rNeg   . . .     SustAt   +     (no shield)
rPois  +         Gourm    .     (no helmet)
rElec  +         Spirit   .     (no cloak)
rCorr  +         Warding  .     (no gloves)
rMut   .         Stasis   .     (no boots)
MR     .....                    (no amulet)
Stlth  +.........               (no ring)
                                l - +2 ring of strength

@: lethally poisoned (-3 -> -9), resistant, not resistant to hostile
enchantments, very unstealthy
A: clumsy 1, deformed body, deterioration 1, high mp 1, sustain attributes
a: no special abilities


You were on level 4 of the Dungeon.
You were not hungry.

You visited 1 branch of the dungeon, and saw 5 of its levels.

You collected 67 gold pieces.

Inventory:

Missiles
 a - 64 arrows
 k - a throwing net (quivered) {!f}
Armour
 b - a +0 robe (worn)
Jewellery
 l - a +2 ring of strength (left hand)
   (You found it on level 4 of the Dungeon)
Scrolls
 e - a scroll of teleportation {unknown}
 i - a scroll of identify {unknown}
 j - a scroll of remove curse {unknown}
Books
 c - a book of Changes

   Spells                             Type                      Level
   a - Beastly Appendage              Transmutation                1
   b - Sticks to Snakes               Transmutation                2
   c - Spider Form                    Transmutation/Poison         3
   d - Ice Form                       Ice/Transmutation            4
   e - Blade Hands                    Transmutation                5
Comestibles
 d - a bread ration


   Skills:
 - Level 0.8 Fighting
 - Level 1.7 Dodging
 + Level 3.5 Unarmed Combat
 - Level 2.0 Spellcasting
 + Level 2.6 Transmutations


You couldn't memorise any spells.
You knew the following spells:

 Your Spells              Type           Power        Failure   Level  Hunger
e - Beastly Appendage     Trmt           ##....       8%          1    #......
k - Sticks to Snakes      Trmt           ##........   12%         2    ###....
p - Spider Form           Trmt/Pois      #.........   34%         3    ###....


Dungeon Overview and Level Annotations

Branches:
Dungeon (5/15)
 Temple: D:4-7


Innate Abilities, Weirdness & Mutations

You have an increased reservoir of magic (+10% MP).
Your attributes are resistant to harm.
You are clumsy. (Dex -2)
Armour fits poorly on your strangely shaped body.
Your body sometimes deteriorates upon taking damage.


Message History

You see here a short sword.
There is a stone staircase leading down here.
There is a stone staircase leading down here.
You climb downwards.
An ice beast and a phantom come into view.
There is a stone staircase leading up here.
You climb upwards.
There is a stone staircase leading down here.
Found a throwing net.
A hound comes into view.
The hound barks!
Casting: Beastly Appendage
Confirm with . or Enter, or press ? or * to list all spells.
You create a snake!
The hound bites you.
Casting: Sticks to Snakes
Confirm with . or Enter, or press ? or * to list all spells.
You grow a pair of large bovine horns.
The hound closely misses you. The hound barely misses you.
Your ball python barely misses the hound.
Your ball python closely misses the hound.
You hit the hound.
The hound is moderately wounded.
The hound closely misses you.
Your ball python barely misses the hound. x2
You barely miss the hound.
The hound is moderately wounded.
The hound bites you.
Your ball python bites the hound.
Your ball python barely misses the hound.
The hound bites you.
* * * LOW HITPOINT WARNING * * *
You hit the hound but do no damage.
The hound is moderately wounded.
Your ball python bites the hound but does no damage.
Your ball python grabs the hound.
Your ball python constricts the hound.
The hound bites you.
* * * LOW HITPOINT WARNING * * *
You hit the hound. You headbutt the hound.
You kill the hound!
You have reached level 3!
Your experience leads to an increase in your attributes!
Increase (S)trength, (I)ntelligence, or (D)exterity?
You feel clever. x2
Memorise Spider Form, consuming 3 spell levels and leaving 0?
Your transformation is almost over.
You start memorising the spell.
You continue memorising.
You continue memorising. x2
You finish memorising.
Spell assigned to 'p'.
You see here a throwing net {!f}.
k - a throwing net {!f} Your horns disappear.
You swap places.
Magic restored.
Your ball python withers and dies!
Found a leather armour.
You see here a leather armour.
Found a glass ring.
l - a glass ring Put on which piece of jewellery? (? for menu, Esc to quit)
You feel stronger.
l - a +2 ring of strength (left hand)
A ball python and a centaur come into view.
The centaur shouts!
The centaur wields a shortbow.
The centaur shoots a poisoned arrow.
The poisoned arrow hits you but does no damage.
You are poisoned.
A scorpion comes into view.
You see here a poisoned arrow.
Casting: Beastly Appendage
Confirm with . or Enter, or press ? or * to list all spells.
You create a snake!
You feel sick.
The centaur shoots a poisoned arrow.
The poisoned arrow hits you!
* * * LOW HITPOINT WARNING * * *
The centaur shoots a poisoned arrow.
The poisoned arrow closely misses you.
Drink which item? (? for menu, Esc to quit)
It was a potion of degeneration.
There was something very wrong with that liquid.
You feel somewhat dopey.
* * * LOW HITPOINT WARNING * * *
You feel sick.
You swap places.
* * * LOW HITPOINT WARNING * * *
You feel sick.
Your adder barely misses the centaur.
Drink which item? (? for menu, Esc to quit)
It was a potion of resistance.
You feel protected.
The centaur unwields an uncursed shortbow.
The centaur hits your adder!
Your adder bites the centaur.
The centaur closely misses your adder.
Drink which item? (? for menu, Esc to quit)
It was a potion of mutation.
You feel extremely strange.
You feel clumsy.
Your body twists and deforms.
You feel yourself wasting away.
* * * LOW HITPOINT WARNING * * *
You feel sick.
Your adder closely misses the centaur.
The centaur wields an uncursed shortbow.
The centaur shoots a poisoned arrow.
The poisoned arrow barely misses your adder.
The poisoned arrow hits you.
You die...

..# #.# #.#
##########.#
#........#.###
#.######.....#
# #.#
#.....#####
#.#
#........[.
#@#
#.....#####
#S# #.....#
#c# ##......
.S# #..####
..s# .....
....# .##..
.....# #.
.....## ......


You could see a centaur, a scorpion, a ball python and a friendly adder.

Vanquished Creatures
  A hound (D:4)
  2 oozes
  A giant gecko (D:3)
  A hobgoblin (D:3)
  A quokka (D:3)
  2 bats
  3 giant cockroaches
  3 giant newts
  A goblin (D:1)
  A jackal skeleton (D:4)
  2 kobolds
  3 rats
21 creatures vanquished.

Notes
Turn   | Place    | Note
--------------------------------------------------------------
     0 | D:1      | tidbits the Demigod Transmuter began the quest for the Orb.
     0 | D:1      | Reached XP level 1. HP: 15/15 MP: 5/5
   159 | D:2      | Reached skill level 3 in Unarmed Combat
   354 | D:2      | Reached XP level 2. HP: 13/22 MP: 5/7
   364 | D:2      | Learned a level 2 spell: Sticks to Snakes
   378 | D:3      | Reached skill level 2 in Spellcasting
   388 | D:3      | Reached skill level 2 in Transmutations
   596 | D:4      | Found an ancient bone altar of Kikubaaqudgha.
   628 | D:5      | Entered Level 5 of the Dungeon
   628 | D:5      | Noticed an ice beast
   628 | D:5      | Noticed a phantom
   642 | D:4      | Reached XP level 3. HP: 7/27 MP: 4/8
   647 | D:4      | Learned a level 3 spell: Spider Form
   721 | D:4      | Noticed a centaur
   722 | D:4      | Noticed a scorpion
   724 | D:4      | HP: 2/27 [poisoned by a centaur]
   726 | D:4      | Gained mutation: You are clumsy. (Dex -2) [potion of mutation]
   726 | D:4      | Gained mutation: Armour fits poorly on your strangely shaped body. [potion of mutation]
   726 | D:4      | Gained mutation: Your body sometimes deteriorates upon taking damage. [potion of mutation]
   726 | D:4      | Shot with a poisoned arrow by a centaur

Action                   || total
-------------------------++-------
Melee: Unarmed           ||    63
 Cast: Beastly Appendage ||    16
       Sticks to Snakes  ||     3
  Use: Potion            ||     3
 Stab: Sleeping          ||     1

Table legend:
 A = Turns spent in this place as a percentage of turns spent in the entire game.
 B = Non-inter-level travel turns spent in this place as a percentage of non-inter-level travel turns spent in the entire game.
 C = Inter-level travel turns spent in this place as a percentage of turns spent in this place.
 D = Turns resting spent in this place as a percentage of non-inter-level travel turns spent in this place.
 E = Turns spent auto-exploring this place as a percentage of non-inter-level travel turns spent in this place.
 F = Non-inter-level travel turns spent in this place divided by the number of levels of this place that you've seen.
                   A       B       C       D       E      F
               +-------+-------+-------+-------+-------+----------------------
         Total | 100.0 | 100.0 |   0.3 |   0.0 |   0.3 | 117.0
       Dungeon | 100.0 | 100.0 |   0.3 |   0.0 |   0.3 | 117.0
               +-------+-------+-------+-------+-------+----------------------

Table legend:
 A = Kills in this place as a percentage of kills in entire the game.
 B = Kills by you in this place as a percentage of kills by you in the entire game.
 C = Kills by friends in this place as a percentage of kills by friends in the entire game.
 D = Other kills in this place as a percentage of other kills in the entire game.
 E = Experience gained in this place as a percentage of experience gained in the entire game.
 F = Experience gained in this place divided by the number of levels of this place that you have seen.
                   A       B       C       D       E      F
               +-------+-------+-------+-------+-------+----------------------
         Total | 100.0 | 100.0 |  -nan |  -nan | 100.0 |  15.8
       Dungeon | 100.0 | 100.0 |  -nan |  -nan | 100.0 |  15.8
               +-------+-------+-------+-------+-------+----------------------

Vault maps used:
D:1:      roderic_dead_forest, serial_forest, infiniplex_forest_clump_small,
          infiniplex_forest_clump_tiny, infiniplex_forest_clump_long,
          infiniplex_forest_zigzag_1, infiniplex_forest_end_1,
          infiniplex_forest_straight_2, infiniplex_forest_straight_1
D:2:      lemuel_zombie_altar_yredelemnul, grunt_temple_overflow_opulence,
          grunt_decor_arrowhead, corner_web_ring, serial_bayou_ford_a
D:3:      minmay_liquid_box
D:4:      lemuel_round_altar, serial_shops, kennysheep_mini_moat,
          serial_bayou_lagoon_a
D:5:      first_bread, hangedman_abyss_or_decor_passed,
          hangedman_feature_mirror, uniq_crazy_yiuf_cottage
